AoeStats
← RIO1000

Arabia

506453090Analyzed
1v1 RM · 20d ago on Sep 13, 2026· 37m 23s· 2 players
Game mode
Random Map
Map size
Tiny (2 player)
Population
200
Speed
Normal
Resources
Standard
Victory
Conquest
Starting age
Dark Age
Ending age
Imperial Age
RankedLock teamsTeams togetherTeam positionsShared explorationLock speedFull tech treeHidden civsTurbo modeCheats
Victory
Defeat
🇮🇹 Bulgarians · Italy
856
+18
🇲🇽 Magyars · Mexico
889
-18
RIO1000
10:03 Feudal Age
10:00 Loom
11:28 Double-Bit Axe
11:36 Town Watch
17:28 Fletching
26:11 Castle Age
29:27 Bow Saw
30:33 Horse Collar
33:58 Crossbowman
stetheking94
6:32 Loom
10:18 Feudal Age
11:29 Double-Bit Axe
18:54 Scale Mail Armor
23:14 Scale Barding Armor
27:32 Bloodlines
32:11 Castle Age
30:50 Forging
33:22 Chain Barding Armor
33:38 Iron Casting
37:29 Gold Mining
Connection lost

Rejoining the realm…

Still unreachable

The connection could not be restored.

Session expired

The server has moved on; the page needs a fresh start.